AoeStats
← nicolasbsl52

Arena

510829786Analyzed
2v2 RM · 10h ago on Oct 2, 2026· 61m 34s· 4 players
Game mode
Random Map
Map size
Medium (4 player)
Population
200
Speed
Normal
Resources
Standard
Victory
Conquest
Starting age
Dark Age
Ending age
Imperial Age
RankedLock teamsTeams togetherTeam positionsShared explorationLock speedFull tech treeHidden civsTurbo modeCheats
Victory
Defeat
🇬🇧 Maya · United Kingdom
524
+15
🇬🇧 Turks · United Kingdom
487
+16
🇨🇭 Romans · Switzerland
524
-17
🇩🇪 Franks · Germany
465
-14
nicolasbsl52
12:20 Feudal Age
20:30 Double-Bit Axe
24:12 Castle Age
22:49 Man-at-Arms
25:35 Husbandry
27:17 Long Swordsman
31:55 Loom
32:00 Town Watch
33:22 Squires
34:23 Forging
34:14 Scale Mail Armor
35:11 Scale Barding Armor
35:41 Masonry
35:33 Horse Collar
38:08 Heavy Plow
38:53 Wheelbarrow
39:37 Bow Saw
42:47 Imperial Age
44:00 Conscription
46:40 Heavy Scorpion
48:31 Ballistas
53:59 Gold Mining
Borsti1919
14:30 Feudal Age
17:59 Wheelbarrow
18:34 Double-Bit Axe
18:42 Stone Mining
25:29 Castle Age
28:37 Caravan
29:31 Bow Saw
35:02 Hand Cart
35:37 Gold Mining
37:52 Forging
37:43 Scale Mail Armor
37:51 Scale Barding Armor
37:46 Padded Archer Armor
37:37 Fletching
38:49 Guard Tower
39:19 Ballistics
38:56 Ordonnance Companies
41:56 Fortified Wall
42:24 Iron Casting
42:05 Chain Mail Armor
42:11 Chain Barding Armor
47:33 Man-at-Arms
48:45 Long Swordsman
54:13 Imperial Age
54:23 Two-Handed Swordsman
55:37 Gambesons
60:23 Champion
Chrisjohn09
11:18 Feudal Age
15:15 Double-Bit Axe
18:30 Castle Age
18:55 Wheelbarrow
25:10 Horse Collar
28:20 Bow Saw
31:47 Heavy Plow
31:42 Stone Mining
31:42 Gold Mining
36:30 Imperial Age
34:19 Hand Cart
35:39 Stone Shaft Mining
35:04 Fletching
35:14 Padded Archer Armor
35:51 Bodkin Arrow
36:20 Crossbowman
37:20 Leather Archer Armor
37:07 Scale Mail Armor
37:34 Bracer
37:27 Arbalester
38:13 Thumb Ring
39:31 Ring Archer Armor
40:07 Two-Man Saw
43:07 Chain Mail Armor
43:40 Pikeman
49:26 Plate Mail Armor
50:59 Halberdier
54:54 Caravan
58:36 Squires
jack0_james
11:40 Feudal Age
12:10 Horse Collar
12:21 Double-Bit Axe
12:19 Horse Collar
19:02 Castle Age
20:26 Bow Saw
20:18 Heavy Plow
20:38 Forging
20:28 Scale Mail Armor
23:30 Man-at-Arms
27:54 Iron Casting
27:34 Chain Mail Armor
30:45 Long Swordsman
36:20 Imperial Age
36:43 Scale Barding Armor
36:28 Fletching
36:38 Padded Archer Armor
37:06 Gold Mining
37:06 Stone Mining
38:12 Guilds
38:27 Bombard Tower
38:32 Ballistics
38:47 Bombard Tower
38:14 Two-Handed Swordsman
39:14 Thumb Ring
42:02 Elite Janissary
42:11 Champion
44:41 Gold Shaft Mining
45:57 Sipahi
45:37 Artillery
46:23 Fortified Wall
46:03 Heated Shot
47:20 Blast Furnace
46:50 Plate Mail Armor
51:10 Heavy Camel Rider
52:02 Bloodlines
51:52 Husbandry
55:07 Cavalier
58:15 Squires
Connection lost

Rejoining the realm…

Still unreachable

The connection could not be restored.

Session expired

The server has moved on; the page needs a fresh start.